 Dungeon Crawl Stone Soup version 0.31-a0-1591-g515db51633 (webtiles) character file.

Game seed: 12655877480421340726

4298 AlmostDecent the Frost Mage (level 10, -3/74 HPs)
             Began as a Gnoll Ice Elementalist on Jan 7, 2024.
             Was a Follower of Vehumet.
             Slain by a hornet (15 damage)
             ... while paralysed by a hornet
             ... on level 9 of the Dungeon.
             The game lasted 00:34:51 (9109 turns).

AlmostDecent the Frost Mage (GnIE)                  Turns: 9109, Time: 00:34:52

Health: -3/74      AC:  4    Str:  8    XL:     10   Next: 32%
Magic:  14/21      EV:  2    Int: 18    God:    Vehumet [*.....]
Gold:   338        SH:  0    Dex: 13    Spells: 15/23 levels left

rFire   + . .        x - +0 falchion (freeze)
rCold   . . .        (no shield)
rNeg    . . .        f - +1 robe {rF+}
rPois   .            t - +0 helmet
rElec   .            j - scarf {repulsion}
rCorr   .            (no gloves)
SInv    .            (no boots)
Will    .....        C - amulet of reflection
Stlth   +++          z - +5 ring of evasion
HPRegen 0.32/turn    (no ring)
MPRegen 0.17/turn

%: repel missiles, reflection
@: paralysed, lethally poisoned (-3 -> -10), slowed
A: fangs 1, strong nose, distributed training
a: Renounce Religion


You were on level 9 of the Dungeon.
You worshipped Vehumet.
Vehumet was aware of your devotion.
You visited 2 branches of the dungeon, and saw 10 of its levels.

You collected 404 gold pieces.
You spent 66 gold pieces at shops.

Inventory:

Hand Weapons
 c - a +0 hand axe
 h - a +3 flail of protection
 i - a +0 short sword
 p - a +1 mace of venom
 x - a +0 falchion of freezing (weapon)
 B - a +2 dagger of venom
Armour
 f - a +1 robe of fire resistance (worn)
 j - a scarf of repulsion (worn)
 t - a +0 helmet (worn)
Jewellery
 d - an amulet of regeneration
 o - a ring of fire
 r - an amulet of magic regeneration
 z - a +5 ring of evasion (left hand)
 C - an amulet of reflection (around neck)
Wands
 n - a wand of flame (13)
 s - a wand of polymorph (10)
 y - a wand of roots (4)
Scrolls
 k - 2 scrolls of enchant weapon
 m - a scroll of blinking
 q - a scroll of teleportation
 u - 2 scrolls of noise
 v - a scroll of poison
 E - a scroll of vulnerability {unknown}
Potions
 a - 3 potions of mutation {unknown}
 b - a potion of attraction {unknown}
 e - a potion of lignification
 g - a potion of might
 l - 4 potions of ambrosia
 A - 4 potions of haste {unknown}


   Skills:
 + Level 5.3 Fighting
 + Level 5.3 Short Blades
 + Level 5.3 Long Blades
 + Level 5.3 Axes
 + Level 5.3 Maces & Flails
 + Level 5.3 Polearms
 + Level 5.3 Staves
 + Level 5.3 Ranged Weapons
 + Level 5.3 Throwing
 + Level 5.3 Armour
 + Level 7.1 Dodging
 + Level 6.9 Stealth
 + Level 5.3 Shields
 + Level 5.3 Unarmed Combat
 + Level 7.4 Spellcasting
 + Level 4.4 Conjurations
 + Level 4.4 Hexes
 + Level 4.4 Summonings
 + Level 4.4 Necromancy
 + Level 4.4 Translocations
 + Level 4.4 Fire Magic
 + Level 8.5 Ice Magic
 + Level 4.4 Air Magic
 + Level 4.4 Earth Magic
 + Level 4.4 Alchemy
 + Level 5.9 Invocations
 + Level 5.3 Evocations
 + Level 4.9 Shapeshifting


You had 15 spell levels left.
You knew the following spells:

 Your Spells              Type           Power      Damage    Failure   Level
a - Freeze                Ice            100%       1d10      1%          1
b - Frozen Ramparts       Ice            74%        1d12      1%          3
c - Ozocubu's Armour      Ice            37%        N/A       1%          3
d - Sandblast             Erth           44%        2d11      1%          1

Your spell library contained the following spells:

 Spells                   Type           Power      Damage    Failure   Level
 Magic Dart               Conj           88%        1d7       1%          1
 Blink                    Tloc           44%        N/A       2%          2
 Call Imp                 Summ           44%        N/A       2%          2
 Summon Ice Beast         Ice/Summ       30%        N/A       2%          3


Dungeon Overview and Level Annotations

Branches:
Dungeon (9/15)             Temple (1/1) D:4
   Lair: D:8-11         Orc: D:9-12

Altars:
Dithmenos
Fedhas
Kikubaaqudgha
Makhleb
Nemelex Xobeh
Qazlal
Ru
Sif Muna
Trog
Uskayaw
Vehumet
Wu Jian
Yredelemnul
Zin
The Shining One

Shops:
D:5 *:


Innate Abilities, Weirdness & Mutations

You have very sharp teeth.
Your uncanny sense of smell can sniff out nearby items.
Your experience applies equally to all skills.


Message History

The hornet misses you. The hornet closely misses you.
Casting: Freeze (safe; 1% risk of failure)
Confirm with . or Enter, or press ? or * to list all spells.
Aiming: Freeze (safe; 1% risk of failure)
Press: ? - help, Shift-Dir - straight line, f/p - hornet
Aim: a hornet (moderately wounded)
You freeze the hornet!
The hornet is severely wounded.
The hornet closely misses you. The hornet stings you.
You feel as though you will be slow longer.
Casting: Freeze (safe; 1% risk of failure)
Confirm with . or Enter, or press ? or * to list all spells.
Aiming: Freeze (safe; 1% risk of failure)
Press: ? - help, Shift-Dir - straight line, f/p - hornet
Aim: a hornet (severely wounded)
You freeze the hornet.
The hornet is severely wounded.
The hornet stings you!
You are poisoned.
You feel as though you will be slow longer.
The hornet stings you but does no damage.
A centaur comes into view. It is wielding a +0 dagger.
The hornet stings you!
You feel as though you will be slow longer.
Casting: Freeze (safe; 1% risk of failure)
Confirm with . or Enter, or press ? or * to list all spells.
Aiming: Freeze (safe; 1% risk of failure)
Press: ? - help, Shift-Dir - straight line, f/p - hornet
Aim: a hornet (severely wounded)
You freeze the hornet.
The hornet is severely wounded.
You feel very sick.
The centaur unwields a +0 dagger.
The centaur wields a +0 antimagic shortbow.
The centaur shoots an arrow.
The arrow hits you.
You feel your power leaking away. The hornet stings you!
* * * LOW HITPOINT WARNING * * *
You suddenly lose the ability to move!
The hornet stings you!
You die...

#.....##......###.###
#...#.........##....#
###.######...###...†#
#.# #...# #..... #
#.# ###.# ######
#.###.# .# #.....####
.. #........# +#
#.#....@..# ∆
##.#...y...#
##.#..........
##.#.........
##.#........
##.#.....c. # #...#..
∆ ######


You could see a hornet and a centaur.

Vanquished Creatures
  Pikel (D:5)
  Sigmund (D:3)
  Eustachio (D:5)
  A vampire mosquito (D:7)
  A steam dragon (D:6)
  2 water moccasins
  2 orc warriors
  3 ice beasts
  2 sky beasts (D:7)
  4 ogres
  4 phantoms
  2 centaurs
  2 lemures (D:5)
  A kobold brigand (D:6)
  A bullfrog (D:9)
  3 scorpions
  An electric eel (D:6)
  7 howler monkeys
  5 orc priests
  3 jellies
  4 hounds
  A gnoll bouda (D:7)
  2 sleepcaps
  Jessica (D:2)
  Natasha (thrice) (D:3)
  4 iguanas
  7 orc wizards
  Robin (D:4)
  A gnoll (D:4)
  8 adders
  A shadow imp (D:7)
  3 white imps
  2 ufetubi (D:6)
  A ribbon worm (D:2)
  22 orcs
  5 ball pythons
  An endoplasm (D:2)
  3 giant cockroaches
  17 goblins
  10 hobgoblins
  9 jackals
  8 kobolds
  5 quokkas
  6 bats
  3 frilled lizards
  4 rats
179 creatures vanquished.

Notes
Turn   | Place    | Note
-------+----------+-------------------------------------------
     0 | D:1      | AlmostDecent the Gnoll Ice Elementalist began the quest for
                  | the Orb.
     0 | D:1      | Reached XP level 1. HP: 13/13 MP: 6/6
   223 | D:1      | Reached XP level 2. HP: 19/19 MP: 5/7
   507 | D:1      | Reached skill level 5 in Spellcasting
   507 | D:1      | Reached XP level 3. HP: 25/25 MP: 2/9
   866 | D:2      | Reached skill level 1 in Invocations
   982 | D:2      | Noticed Jessica
   997 | D:2      | Learned a level 3 spell: Frozen Ramparts
  1000 | D:2      | Killed Jessica
  1001 | D:2      | Reached skill level 1 in Fighting
  1001 | D:2      | Reached skill level 1 in Short Blades
  1001 | D:2      | Reached skill level 1 in Long Blades
  1001 | D:2      | Reached skill level 1 in Axes
  1001 | D:2      | Reached skill level 1 in Maces & Flails
  1001 | D:2      | Reached skill level 1 in Polearms
  1001 | D:2      | Reached skill level 1 in Staves
  1001 | D:2      | Reached skill level 1 in Ranged Weapons
  1001 | D:2      | Reached skill level 1 in Throwing
  1001 | D:2      | Reached skill level 1 in Armour
  1001 | D:2      | Reached skill level 1 in Shields
  1001 | D:2      | Reached skill level 1 in Unarmed Combat
  1001 | D:2      | Reached skill level 1 in Evocations
  1001 | D:2      | Reached skill level 1 in Shapeshifting
  1001 | D:2      | Reached XP level 4. HP: 32/32 MP: 6/11
  1268 | D:2      | Reached skill level 1 in Conjurations
  1268 | D:2      | Reached skill level 1 in Hexes
  1268 | D:2      | Reached skill level 1 in Summonings
  1268 | D:2      | Reached skill level 1 in Necromancy
  1268 | D:2      | Reached skill level 1 in Translocations
  1268 | D:2      | Reached skill level 1 in Fire Magic
  1268 | D:2      | Reached skill level 1 in Air Magic
  1268 | D:2      | Reached skill level 1 in Earth Magic
  1268 | D:2      | Reached skill level 1 in Alchemy
  2075 | D:3      | Found a sparkling altar of Nemelex Xobeh.
  2159 | D:3      | Reached XP level 5. HP: 19/37 MP: 4/12
  2288 | D:3      | Noticed Natasha
  2294 | D:3      | Killed Natasha
  2486 | D:3      | Noticed Natasha
  2495 | D:3      | Killed Natasha
  2559 | D:3      | Noticed Natasha
  2581 | D:3      | Killed Natasha
  2582 | D:3      | Reached XP level 6. HP: 15/44 MP: 8/14
  2766 | D:3      | Reached skill level 5 in Dodging
  2906 | D:3      | Noticed Sigmund
  2919 | D:3      | Killed Sigmund
  3091 | D:4      | Noticed Robin
  3099 | D:4      | Reached XP level 7. HP: 45/50 MP: 10/15
  3102 | D:4      | Killed Robin
  3224 | D:4      | Found a staircase to the Ecumenical Temple.
  3645 | D:4      | Reached skill level 5 in Stealth
  3868 | D:5      | Entered Level 5 of the Dungeon
  3964 | D:5      | Noticed a +0 falchion
  3966 | D:5      | Noticed a +0 falchion
  3966 | D:5      | Noticed a +0 dagger
  3966 | D:5      | Noticed a +0 spear
  3967 | D:5      | Noticed a +0 short sword
  3967 | D:5      | Noticed a +0 short sword
  3968 | D:5      | Noticed a +0 spear
  3968 | D:5      | Noticed a +0 dagger
  4150 | D:5      | Noticed Pikel
  4176 | D:5      | Killed Pikel
  4177 | D:5      | Reached XP level 8. HP: 4/58 MP: 6/17
  4361 | D:5      | Found a hide-covered altar of Uskayaw.
  4476 | D:5      | Found Igryk's Assorted Antiques.
  4623 | D:5      | Bought a scroll labelled ZODIYSIYPT for 22 gold pieces
  4623 | D:5      | Bought a scroll labelled LOPNID LEILOE for 22 gold pieces
  4623 | D:5      | Bought a scroll labelled YKIPTURARI for 22 gold pieces
  4664 | D:5      | Noticed Eustachio
  4683 | D:5      | Killed Eustachio
  4864 | D:5      | Reached XP level 9. HP: 38/65 MP: 18/18
  5161 | D:5      | Found Ithru's Vocational Training.
  5182 | D:5      | Found a glowing golden altar of the Shining One.
  5354 | Temple   | Entered the Ecumenical Temple
  5359 | Temple   | Became a worshipper of Vehumet
  5829 | D:6      | Found a shadowy altar of Dithmenos.
  5841 | D:6      | Reached skill level 8 in Ice Magic
  6509 | D:6      | Reached skill level 5 in Invocations
  7175 | D:7      | Reached * piety under Vehumet
  7175 | D:7      | Offered knowledge of Sandblast by Vehumet.
  7255 | D:7      | Learned a level 3 spell: Ozocubu's Armour
  7257 | D:7      | Learned a level 1 spell: Sandblast
  7268 | D:7      | Found an ornate altar of the Wu Jian Council.
  7485 | D:7      | Reached skill level 5 in Fighting
  7485 | D:7      | Reached skill level 5 in Short Blades
  7485 | D:7      | Reached skill level 5 in Long Blades
  7485 | D:7      | Reached skill level 5 in Axes
  7485 | D:7      | Reached skill level 5 in Maces & Flails
  7485 | D:7      | Reached skill level 5 in Polearms
  7485 | D:7      | Reached skill level 5 in Staves
  7485 | D:7      | Reached skill level 5 in Ranged Weapons
  7485 | D:7      | Reached skill level 5 in Throwing
  7485 | D:7      | Reached skill level 5 in Armour
  7485 | D:7      | Reached skill level 5 in Shields
  7485 | D:7      | Reached skill level 5 in Unarmed Combat
  7485 | D:7      | Reached skill level 5 in Evocations
  7485 | D:7      | Reached XP level 10. HP: 31/74 MP: 12/20
  7693 | D:7      | Found a stormy altar of Qazlal.
  8424 | D:7      | Found a shimmering blue altar of Sif Muna.
  8428 | D:7      | Found a basalt altar of Yredelemnul.
  8627 | D:8      | Paralysed by a hornet for 3 turns
  8857 | D:9      | Found a glowing silver altar of Zin.
  9109 | D:9      | Paralysed by a hornet for 1 turns
  9109 | D:9      | Slain by a hornet

Illustrated notes

Levels and vault maps discovered:
D:1:      dpeg_arrival_rooms_a, layout_basic
D:2:      layout_basic, uniq_jessica
D:3:      layout_basic, mainiacjoe_overflow_surrounded_room, uniq_sigmund,
          uniq_natasha
D:4:      minmay_octagon_keep, layout_basic, minmay_temple_entry_from_below_a,
          kennysheep_big_empty_room, uniq_robin
D:5:      layout_basic, nicolae_uskayaw_en_pointe, kennysheep_mini,
          serial_shops, nicolae_shop_overgrown_old_shop,
          nicolae_shop_vocational, uniq_eustachio, uniq_pikel
D:6:      layout_cave_pods, grunt_dithmenos_shadows, kennysheep_generic_room_2
D:7:      minmay_chambers_of_fours, layout_loops_ring, minitemple,
          nicolae_qazlal_beasts_of_the_sky, nzn_wu_jian_contemplation,
          serial_rivers, chequers_serial_rivers_room_b,
          chequers_serial_rivers_marsh, chequers_serial_rivers_micro_b,
          chequers_serial_rivers_micro_c, chequers_serial_rivers_micro_e,
          minmay_strange_pillars
D:8:      layout_basic, elyvilon_altar_3, lemuel_doored_altar,
          mainiacjoe_overflow_six_doors_small
D:9:      wad_pebble_path, layout_basic, mainiacjoe_overflow_paths,
          grunt_lair_entry_orc_guard_hut, minivault_4, uniq_amaemon
Temple:   nicolae_temple_ecumenical_triangle

Skill      XL: |  1  2  3  4  5  6  7  8  9 10 |
---------------+-------------------------------+-----
Spellcasting   | 5 6 7 |  7.4
Invocations    | 1 2 3 4 5 |  5.9
Fighting       | 1 2 3 5 |  5.3
Short Blades   | 1 2 3 5 |  5.3
Long Blades    | 1 2 3 5 |  5.3
Axes           | 1 2 3 5 |  5.3
Maces & Flails | 1 2 3 5 |  5.3
Polearms       | 1 2 3 5 |  5.3
Staves         | 1 2 3 5 |  5.3
Ranged Weapons | 1 2 3 5 |  5.3
Throwing       | 1 2 3 5 |  5.3
Armour         | 1 2 3 5 |  5.3
Shields        | 1 2 3 5 |  5.3
Unarmed Combat | 1 2 3 5 |  5.3
Evocations     | 1 2 3 5 |  5.3
Shapeshifting  | 1 2 3 4 |  4.9
Conjurations   | 1 2 3 4 |  4.4
Hexes          | 1 2 3 4 |  4.4
Summonings     | 1 2 3 4 |  4.4
Necromancy     | 1 2 3 4 |  4.4
Translocations | 1 2 3 4 |  4.4
Fire Magic     | 1 2 3 4 |  4.4
Air Magic      | 1 2 3 4 |  4.4
Earth Magic    | 1 2 3 4 |  4.4
Alchemy        | 1 2 3 4 |  4.4
Dodging        | 5 6 7 |  7.1
Stealth        | 5 6 |  6.9
Ice Magic      | 8 |  8.5

Action                     |  1- 3 |  4- 6 |  7- 9 | 10-12 || total
---------------------------+-------+-------+-------+-------++-------
  Melee: Short sword       |       |    13 |    37 |       ||    50
         Punch             |       |     1 |     6 |       ||     7
         Bite              |       |     2 |    10 |     7 ||    19
         Falchion          |       |       |    46 |    25 ||    71
   Cast: Freeze            |    40 |    49 |   163 |    17 ||   269
         Frozen Ramparts   |     1 |    10 |    36 |     7 ||    54
         Sandblast         |       |       |     9 |    30 ||    39
    Use: Potion            |       |       |     6 |     2 ||     8
         Scroll            |       |       |     5 |     6 ||    11
 Armour: Robe              |    12 |    32 |   159 |    41 ||   244
  Dodge: Dodged            |    23 |    29 |   194 |    56 ||   302
         Repelled          |       |     1 |     5 |       ||     6
  Block: Other             |       |       |       |    10 ||    10

Table legend: (Time is in decaauts)
 A = Elapsed time spent in this place.
 B = Non-inter-level travel time spent in this place.
 C = Inter-level travel time spent in this place.
 D = Time resting spent in this place.
 E = Time spent auto-exploring this place.
 F = Levels seen in this place.
 G = Mean time per level.
                   A        B        C        D        E       F      G
               +--------+--------+--------+--------+--------+-----+--------+
         Total |   9174 |   8949 |    225 |    497 |   6989 |  10 |  917.4 |
       Dungeon |   9163 |   8946 |    217 |    497 |   6989 |   9 | 1018.1 |
        Temple |     10 |      2 |      8 |      0 |      0 |   1 |   10.0 |
               +--------+--------+--------+--------+--------+-----+--------+

Top non-repeatable levels by time:
     D:5: 1745 daAuts
     D:7: 1630 daAuts
     D:6: 1392 daAuts
     D:3: 1128 daAuts
     D:2: 1023 daAuts
     D:4: 891 daAuts
     D:1: 848 daAuts
     D:9: 479 daAuts
     D:8: 24 daAuts
  Temple: 10 daAuts
